 Dungeon Crawl Stone Soup version 0.20.1-1-g8b1a95d (webtiles) character file.

7022 Gargoyl the Protected (level 10, -4/86 HPs)
             Began as a Minotaur Abyssal Knight on July 23, 2017.
             Was an Elder of Lugonu.
             Slain by a bullfrog (5 damage)
             ... on level 10 of the Dungeon.
             The game lasted 00:18:31 (8641 turns).

Gargoyl the Protected (Minotaur Abyssal Knight)     Turns: 8641, Time: 00:18:31

Health: -4/86      AC: 18    Str: 17    XL:     10   Next: 82%
Magic:  6/14       EV:  5    Int:  7    God:    Lugonu [****..]
Gold:   825        SH: 11    Dex: 13    Spells: 9/9 levels left

rFire    . . .     SeeInvis +   x - +7 Screaming Sword
rCold    . . .     Gourm    .   v - +1 shield
rNeg     . . .     Faith    .   J - +0 plate armour
rPois    +         Spirit   .   (helmet unavailable)
rElec    .         Reflect  .   (no cloak)
rCorr    .         Harm     .   w - +2 pair of gloves
MR       .....                  (no boots)
Stlth    ..........             (no amulet)
Regen    0.3/turn               f - ring of see invisible
MPRegen  0.2/turn               y - ring of poison resistance

@: lethally poisoned (-4 -> -4)
A: retaliatory headbutt, hooves 1, horns 3, dopey 1, sense surroundings 1
a: Depart the Abyss, Bend Space, Banish, Corrupt, Renounce Religion


You were on level 10 of the Dungeon.
You worshipped Lugonu.
Lugonu was greatly pleased with you.
You were hungry.

You visited 1 branch of the dungeon, and saw 10 of its levels.
You visited the Abyss 1 time.
You also visited: Ossuary.

You collected 825 gold pieces.

Inventory:

Hand Weapons
 a - a +1 hand axe
 p - a +0 war axe
 x - the +7 Screaming Sword (weapon)
   (You found it on level 4 of the Dungeon)
 E - a +4 trident
Missiles
 H - 15 tomahawks (quivered)
Armour
 v - a +1 shield (worn)
 w - a +2 pair of gloves (worn)
 J - a +0 plate armour (worn)
Jewellery
 b - an uncursed ring of resist corrosion
 f - a ring of see invisible (left hand)
 y - a ring of poison resistance (right hand)
Wands
 e - a wand of clouds (1/9)
 u - a wand of random effects (25/48)
 F - a wand of confusion (6/48)
Scrolls
 d - 3 scrolls of teleportation
 i - 2 scrolls of identify
 o - 2 scrolls of recharging
 s - a scroll of fog
 z - a scroll of blinking
Potions
 g - 3 potions of agility
 h - 7 potions of curing
 j - 2 potions of lignification
 k - 2 potions of resistance
 l - 3 potions of mutation {unknown}
 m - 2 potions of cancellation
 q - 3 potions of might {unknown}
 t - 3 potions of flight {unknown}
 B - 2 potions of heal wounds
 C - a potion of brilliance {unknown}
 D - 2 potions of degeneration {unknown}
Books
 I - a book of the Earth

   Spells                             Type                      Level
   a - Leda's Liquefaction            Hexes/Earth                  4
   b - Bolt of Magma                  Conjuration/Fire/Earth       5
   c - Statue Form                    Transmutation/Earth          6
   d - Iron Shot                      Conjuration/Earth            6
   e - Shatter                        Earth                        9
Comestibles
 c - 9 bread rations
 n - 6 meat rations
 r - 3 royal jellies
 A - 7 fruits


   Skills:
 + Level 7.3 Fighting
 + Level 10.2 Long Blades
 + Level 4.5 Axes
 * Level 10.8 Armour
 + Level 3.5 Dodging
 + Level 6.2 Shields
 * Level 7.0 Invocations
 + Level 1.0 Evocations


You had 9 spell levels left.
You didn't know any spells.

Dungeon Overview and Level Annotations

Branches:
Dungeon (10/15)            Temple (0/1) D:5             Orc (0/2) D:10
   Lair: D:8-11

Altars:
Ashenzari
Elyvilon
Fedhas
Hepliaklqana
Ru
Sif Muna
Uskayaw
Zin

Annotations:
D:10 jotwebe's ghost, journeyman KoAM


Innate Abilities, Weirdness & Mutations

You reflexively headbutt those who attack you in melee.
You have a pair of large horns on your head.
You have large cloven feet.
You are dopey. (Int -2)
You passively map a small area around you.


Message History

You feel sick.
The bullfrog gives a loud, deep croak!
You feel sick.
You closely miss the bullfrog.
You feel sick. The bullfrog barely misses you. The bullfrog hits you.
* * * LOW HITPOINT WARNING * * *
You slash the bullfrog!
The bullfrog is moderately wounded.
You block the bullfrog's attack.
You closely miss the bullfrog.
The bullfrog is moderately wounded.
The bullfrog hits you.
* * * LOW HITPOINT WARNING * * *
You block the bullfrog's attack.
Your shield and plate armour prevent you from hitting the bullfrog.
You kick the bullfrog. Your headbutt misses the bullfrog.
The bullfrog is moderately wounded.
* * * LOW HITPOINT WARNING * * *
You feel sick. The bullfrog hits you.
You die...

#....#+ * , * ..#.#
, , #.#.##* * *
#...., ,, #...# , ,
, #...# ≈≈≈≈≈≈..####
#...# ,*, ,
≈≈≈≈≈≈≈≈≈≈≈###..F#
,*
#≈≈≈≈≈≈≈≈≈≈≈##..@#
,*
#≈≈≈≈≈≈≈≈≈≈≈≈#...#*
,
#≈≈≈≈≈≈≈≈≈≈≈≈#....#
#≈≈≈≈≈≈≈≈≈≈≈≈#....#
*,*
≈≈≈≈≈≈≈≈≈≈≈≈≈#....#,
........# #....#,
...y)W..# ≈#....#
...O.y.(#* #....# *
....yY(.# **#....#,
*


You could see a bullfrog.

Vanquished Creatures
  A two-headed ogre (D:9)
  The ghost of vlindergert the Cleaver, a novice MiFi of Trog (D:8)
  Joseph (D:8)
  Psyche (D:8)
  A troll (D:9)
  Prince Ribbit (D:9)
  The ghost of dion0 the Ducker, an amateur OpTm of Nemelex Xobeh (D:4)
  Grinder (D:6)
  4 hippogriffs
  Sigmund (D:5)
  The ghost of motoroller71 the Slasher, an amateur DsGl (Ossuary)
  2 sky beasts
  3 orc warriors
  3 phantoms
  3 ogres
  3 centaurs
  A crocodile (D:8)
  3 bullfrogs (D:8)
  A big kobold (D:8)
  2 scorpions
  3 killer bees (D:10)
  2 howler monkeys
  An electric eel (D:10)
  A crimson imp (D:6)
  A centaur zombie (Ossuary)
  A gnoll shaman (D:6)
  2 human zombies (Ossuary)
  4 hounds
  2 jellies
  2 centaur skeletons
  5 orc priests
  8 orc wizards
  2 iguanas (D:6)
  5 worker ants
  4 big kobold zombies (Ossuary)
  2 mummies (Ossuary)
  10 adders
  10 gnolls
  5 shadow imps
  An ooze (D:7)
  2 adder zombies
  An adder skeleton (D:8)
  4 worms
  3 dart slugs
  3 leopard geckos
  18 orcs
  A ball python (D:1)
  3 giant cockroaches
  2 gnoll zombies (Ossuary)
  5 hobgoblins
  7 jackals
  11 kobolds
  7 quokkas
  5 bats
  4 frilled lizards
  3 goblins
  3 goblin zombies (Ossuary)
  A hobgoblin zombie (Ossuary)
  An orc zombie (Ossuary)
  6 rats
196 creatures vanquished.

Vanquished Creatures (others)
  An ogre (D:10)
  A wyvern zombie (D:10)
2 creatures vanquished.

Grand Total: 198 creatures vanquished

Notes
Turn   | Place    | Note
-------+----------+-------------------------------------------
     0 | Abyss:1  | Gargoyl the Minotaur Abyssal Knight began the quest for the Orb.
     0 | Abyss:1  | Reached XP level 1. HP: 19/19 MP: 1/1
   103 | Abyss:1  | Noticed a small abomination
   129 | Abyss:1  | Noticed a white draconian monk
   134 | D:1      | Escaped the Abyss
   853 | D:1      | Reached XP level 2. HP: 27/27 MP: 2/2
   890 | D:1      | Reached * piety under Lugonu
  1259 | D:2      | Found a sacrificial altar of Ru.
  1431 | D:2      | Found a faded altar of an unknown god.
  1570 | D:2      | Reached XP level 3. HP: 30/33 MP: 3/3
  1987 | D:3      | Reached XP level 4. HP: 41/41 MP: 4/4
  2886 | D:4      | Reached XP level 5. HP: 34/47 MP: 2/6
  2894 | D:4      | Reached ** piety under Lugonu
  3043 | D:4      | Noticed a phantom
  3062 | D:4      | Killed a phantom
  3062 | D:4      | Reached skill level 5 in Armour
  3062 | D:4      | Reached skill level 1 in Shields
  3062 | D:4      | Reached XP level 6. HP: 37/53 MP: 7/7
  3246 | D:4      | Reached skill level 1 in Long Blades
  3298 | D:4      | Found a hide-covered altar of Uskayaw.
  3394 | D:4      | Noticed dion0's ghost (amateur OpTm)
  3405 | D:4      | Killed dion0's ghost
  3405 | D:4      | Reached XP level 7. HP: 46/60 MP: 3/8
  3814 | D:5      | Entered Level 5 of the Dungeon
  4016 | D:5      | Found a hazy altar of Hepliaklqana.
  4111 | D:5      | Reached XP level 8. HP: 63/67 MP: 8/10
  4122 | D:5      | Found a hazy altar of Hepliaklqana.
  4168 | D:5      | Found a staircase to the Ecumenical Temple.
  4458 | D:6      | Reached skill level 5 in Fighting
  4816 | D:6      | Reached skill level 5 in Long Blades
  4819 | D:6      | Noticed Grinder
  4820 | D:6      | Noticed Sigmund
  4834 | D:5      | Killed Sigmund
  4888 | D:6      | Paralysed by Grinder for 4 turns
  4903 | D:6      | Paralysed by Grinder for 2 turns
  4905 | D:6      | Killed Grinder
  4915 | D:6      | Gained mutation: You passively map a small area around you. [mutagenic meat]
  4916 | D:6      | Gained mutation: You have large cloven feet. [mutagenic meat]
  4917 | D:6      | Gained mutation: You are dopey. (Int -2) [mutagenic meat]
  4918 | D:6      | Gained mutation: You have a pair of large horns on your head. [mutagenic meat]
  5502 | D:7      | Noticed a hippogriff
  5509 | D:7      | Killed a hippogriff
  5509 | D:7      | Reached skill level 5 in Invocations
  5509 | D:7      | Reached XP level 9. HP: 66/75 MP: 11/11
  5549 | D:7      | Reached *** piety under Lugonu
  5777 | D:7      | Found a shattered altar of Ashenzari.
  5922 | D:7      | Found a sand-covered staircase.
  5929 | Ossuary  | Entered an ossuary
  6010 | Ossuary  | Noticed motoroller71's ghost (amateur DsGl)
  6016 | Ossuary  | Killed motoroller71's ghost
  6219 | D:8      | Reached **** piety under Lugonu
  6220 | D:8      | Found a blossoming altar of Fedhas.
  6295 | D:8      | Found a glowing silver altar of Zin.
  6480 | D:8      | Reached skill level 5 in Shields
  6493 | D:8      | Noticed vlindergert's ghost (novice MiFi)
  6519 | D:8      | Reached XP level 10. HP: 74/84 MP: 13/13
  6525 | D:8      | Noticed Psyche
  6528 | D:8      | Killed vlindergert's ghost
  6734 | D:8      | Killed Psyche
  6927 | D:8      | Noticed Joseph
  6943 | D:8      | Killed Joseph
  6943 | D:8      | Reached skill level 10 in Armour
  7456 | D:8      | Found a white marble altar of Elyvilon.
  7456 | D:8      | Found a deep blue altar of Sif Muna.
  7593 | D:9      | Noticed Prince Ribbit
  7945 | D:9      | Killed Prince Ribbit
  8269 | D:9      | Noticed a two-headed ogre
  8273 | D:9      | Killed a two-headed ogre
  8273 | D:9      | Reached skill level 10 in Long Blades
  8273 | D:9      | Reached skill level 1 in Evocations
  8582 | D:10     | Entered Level 10 of the Dungeon
  8601 | D:10     | Found a staircase to the Orcish Mines.
  8611 | D:10     | Noticed jotwebe's ghost (journeyman KoAM)
  8638 | D:10     | HP: 4/86 [bullfrog (2)]
  8641 | D:10     | HP: 1/86 [poisoned by jotwebe's ghost]
  8641 | D:10     | Slain by a bullfrog

Skill      XL: |  1  2  3  4  5  6  7  8  9 10 |
---------------+-------------------------------+-----
Fighting       | 4 5 6 7 |  7.3
Invocations    | 2 3 4 5 6 7 |  7.0
Armour         | 3 4 5 6 7 9 10 | 10.8
Axes           | 3 4 |  4.5
Dodging        | 2 3 |  3.5
Shields        | 1 2 3 4 5 6 |  6.2
Long Blades    | 2 4 6 8 10 | 10.2
Evocations     | 1 |  1.0

Action                   |  1- 3 |  4- 6 |  7- 9 | 10-12 || total
-------------------------+-------+-------+-------+-------++-------
Melee: Hand axe          |    39 |       |       |       ||    39
       Headbutt          |    12 |    15 |    41 |    12 ||    80
       War axe           |    38 |    71 |       |       ||   109
       Double sword      |       |    31 |   225 |    88 ||   344
       Kick              |       |       |    40 |    24 ||    64
Invok: Depart the Abyss  |     1 |       |       |       ||     1
       Bend Space        |       |       |       |     2 ||     2
       Banish            |       |       |       |     2 ||     2
Evoke: Wand              |       |     9 |     1 |     1 ||    11
  Use: Scroll            |     8 |     5 |     7 |     4 ||    24
  Eat: Chunk             |     3 |     4 |    15 |     7 ||    29
Armor: Leather armour    |    14 |       |       |       ||    14
       Scale mail        |    30 |    10 |       |       ||    40
       Chain mail        |       |    46 |    88 |       ||   134
       Plate armour      |       |       |    75 |    73 ||   148
Dodge: Dodged            |    62 |    31 |    64 |    24 ||   181
Block: Shield            |       |    29 |   155 |    86 ||   270
       Rpst.: Double sword |       |     3 |    16 |     5 ||    24
